 Dungeon Crawl Stone Soup version 0.27.1-1-g398f81649c (webtiles) character file.

Game seed: 8959546838716492128

2187 Rickety the Covert (level 9, 0/41 HPs)
             Began as a Spriggan Enchanter on Sept 15, 2021.
             Was a Follower of Dithmenos.
             Succumbed to a water moccasin's poison
             ... on level 7 of the Dungeon.
             The game lasted 00:21:41 (8703 turns).

Rickety the Covert (Spriggan Enchanter)             Turns: 8703, Time: 00:21:42

Health: 0/41       AC:  3    Str:  4    XL:     9   Next: 11%
Magic:  18/19      EV: 19    Int: 17    God:    Dithmenos [*.....]
Gold:   412        SH:  0    Dex: 18    Spells: 6/20 levels left

rFire    . . .     SeeInvis +   f - +2 dagger (protect)
rCold    . . .     Faith    .   (shield restricted)
rNeg     + . .     Spirit   .   b - +0 robe
rPois    .         Reflect  .   (helmet restricted)
rElec    .         Harm     .   E - +0 cloak
rCorr    .         Rampage  .   (gloves unavailable)
Will     +....                  (boots unavailable)
Stlth    ++++++....             (no amulet)
HPRegen  0.13/turn              o - ring of positive energy
MPRegen  0.16/turn              (no ring)

@: lethally poisoned (0 -> -11), slowed, wreathed by umbra, quick
A: very small, no large weapons, unfitting armour, see invisible, speed 3
a: Renounce Religion


You were on level 7 of the Dungeon.
You worshipped Dithmenos.
Dithmenos was aware of your devotion.
You visited 2 branches of the dungeon, and saw 9 of its levels.

You collected 412 gold pieces.

Inventory:

Hand Weapons
 a - a +1 dagger
 f - a +2 dagger of protection (weapon)
Missiles
 e - 26 poisoned darts (quivered)
Armour
 b - a +0 robe (worn)
 y - a +0 buckler
 E - a +0 cloak (worn)
 F - +0 acid dragon scales
Magical Staves
 i - a staff of air
Jewellery
 o - a ring of positive energy (left hand)
Wands
 B - a wand of acid (6)
Scrolls
 d - 3 scrolls of enchant weapon {unknown}
 g - a scroll of noise {unknown}
 h - 5 scrolls of teleportation {unknown}
 j - 2 scrolls of brand weapon {unknown}
 k - 3 scrolls of amnesia {unknown}
 l - a scroll of blinking {unknown}
 p - 2 scrolls of vulnerability {unknown}
 w - a scroll of fog {unknown}
 x - 7 scrolls of fear {unknown}
 A - 2 scrolls of identify {unknown}
 D - a scroll of acquirement {unknown}
Potions
 c - a potion of flight {unknown}
 m - 2 potions of might {unknown}
 n - 3 potions of brilliance {unknown}
 q - 2 potions of curing {unknown}
 r - a potion of mutation {unknown}
 s - a potion of ambrosia {unknown}
 t - 3 potions of degeneration {unknown}
 u - 2 potions of heal wounds {unknown}
 v - a potion of cancellation {unknown}
 z - a potion of berserk rage {unknown}
 C - a potion of magic {unknown}


   Skills:
 * Level 1.3 Fighting
 * Level 4.0 Short Blades
 * Level 1.0 Throwing
 * Level 0.6 Armour
 * Level 4.3 Dodging
 * Level 12.4 Stealth
 * Level 0.6 Shields
 * Level 6.3 Spellcasting
 * Level 6.4 Hexes
 * Level 1.2 Translocations
 * Level 1.9 Ice Magic
 * Level 1.1 Invocations
 * Level 1.1 Evocations


You had 6 spell levels left.
You knew the following spells:

 Your Spells              Type           Power      Damage    Failure   Level
a - Corona                Hex            30%        N/A       1%          1
b - Ensorcelled Hibernat  Hex/Ice        38%        N/A       3%          2
c - Confusing Touch       Hex            27%        N/A       2%          3
d - Dazzling Flash        Conj/Hex       32%        N/A       10%         3
l - Blink                 Tloc           N/A        N/A       11%         2
t - Tukima's Dance        Hex            27%        N/A       2%          3

Your spell library contained the following spells:

 Spells                   Type           Power      Damage    Failure   Level
 Animate Skeleton         Necr           10%        N/A       12%         1
 Pain                     Necr           20%        1d5       12%         1
 Lesser Beckoning         Tloc           4%         N/A       22%         3
 Vampiric Draining        Necr           2%         2d6       36%         3
 Manifold Assault         Tloc           9%         N/A       90%         5
 Fireball                 Conj/Fire      2%         3d4       98%         5
 Starburst                Conj/Fire      2%         6d3       100%        6
 Ignition                 Fire           2%         3d3       100%        8


Dungeon Overview and Level Annotations

Branches:
Dungeon (8/15)             Temple (1/1) D:7
   Lair: D:8-11

Altars:
Ashenzari
Cheibriados
Dithmenos
Fedhas
Hepliaklqana
Kikubaaqudgha
Makhleb
Nemelex Xobeh
Okawaru
Qazlal
Ru
Sif Muna
Uskayaw
Vehumet
Xom
Yredelemnul
The Shining One

Shops:
D:4 :


Innate Abilities, Weirdness & Mutations

You are very small and have problems with some larger weapons.
You are too small for most types of armour.
You have supernaturally acute eyesight. (SInv)
You cover ground extremely quickly. (Speed+++)


Message History

There is an open door here.
Casting: Confusing Touch (dangerous; 2% risk of failure)
Confirm with . or Enter, or press ? or * to list all spells.
Okay, then.
You hit the wraith but do no damage.
The wraith is almost destroyed.
The wraith misses you.
You hit the wraith but do no damage.
The wraith is almost destroyed.
The wraith closely misses you.
You hit the wraith but do no damage.
The wraith is almost destroyed.
The wraith barely misses you.
You hit the wraith but do no damage.
The wraith is almost destroyed.
The wraith hits you but does no damage. The wraith hits you.
The wraith drains your vigour!
You feel as though you will be slow longer.
You hit the wraith but do no damage.
The wraith is almost destroyed.
The wraith hits you but does no damage.
You hit the wraith but do no damage.
The wraith is almost destroyed.
Your hands stop glowing.
The wraith hits you but does no damage.
A two-headed ogre comes into view.
It is wielding a +0 giant spiked club and a +0 giant club.
You barely miss the wraith.
The wraith is almost destroyed.
The wraith hits you!
* * * LOW HITPOINT WARNING * * *
The wraith drains your vigour!
You feel as though you will be slow longer.
You see here 21 arrows.
There is a stone staircase leading up here.
The water moccasin bites you.
* * * LOW HITPOINT WARNING * * *
You are lethally poisoned!
The water moccasin poisons you! The water moccasin misses you.
You climb upwards.
You die...

.......≈≈§§≈.###)# #.......'..<#.
'#####..≈§§...##.# #.......#####.
'#######....#.##.# #.......# #.
.....# #.......#.# #.####### #.
.....# #.......#.# #.# #. .....#
#.......#.# #.# #.
.....######'##..[# #.# #.
.....'......###..# #.# #.
.....##########.@###.# #.
..<#.............S.#.# #.
...#'######...##.#.#.###########.
#.#....# #...##.#.#.............
..+....# #...##.#.#....#########
###....# #...##.#'#....###
.......# #...##..........#
.......# ######..........#
....#### #.............#


You could see a water moccasin.

Vanquished Creatures
  Grinder (D:3)
  Menkaure (D:7)
  An acid dragon (D:8)
  A sky beast (D:5)
  A hornet zombie (D:5)
  2 ogres (D:5)
  2 bullfrogs
  2 scorpions
  A water moccasin skeleton (D:6)
  2 wights (D:7)
  3 howler monkeys
  2 bullfrog zombies
  A bullfrog skeleton (D:3)
  3 iguanas
  An orc priest (D:3)
  Crazy Yiuf (D:7)
  2 gnoll shamans
  3 hounds
  2 jellies
  2 centaur skeletons (D:6)
  5 orc wizards
  A killer bee zombie (D:7)
  2 hound skeletons
  Robin (D:2)
  4 adders
  9 gnolls
  A shadow imp (D:5)
  A white imp (D:6)
  2 ufetubi
  An adder zombie (D:5)
  3 worms (D:3)
  5 dart slugs
  13 orcs
  7 ball pythons
  5 bats
  11 endoplasms
  3 giant cockroaches
  11 goblins
  8 hobgoblins
  5 jackals
  A quokka (D:5)
  5 frilled lizards
  5 kobolds
  A rat (D:3)
144 creatures vanquished.

Vanquished Creatures (collateral kills)
  5 gnolls
5 creatures vanquished.

Vanquished Creatures (others)
  4 dancing weapons
  A bush (D:8)
  3 fungi
  15 plants
23 creatures vanquished.

Grand Total: 172 creatures vanquished

Notes
Turn   | Place    | Note
-------+----------+-------------------------------------------
     0 | D:1      | Rickety the Spriggan Enchanter began the quest for the Orb.
     0 | D:1      | Reached XP level 1. HP: 9/9 MP: 5/5
   405 | D:1      | Reached XP level 2. HP: 13/13 MP: 4/6
   408 | D:1      | Learned a level 2 spell: Ensorcelled Hibernation
   450 | D:1      | Reached skill level 5 in Stealth
   546 | D:1      | Found a faded altar of an unknown god.
  1332 | D:1      | Reached XP level 3. HP: 16/16 MP: 8/8
  1750 | D:2      | Learned a level 3 spell: Confusing Touch
  2022 | D:2      | Noticed Robin
  2050 | D:2      | Reached skill level 6 in Stealth
  2050 | D:2      | Reached XP level 4. HP: 13/21 MP: 9/9
  2074 | D:2      | Killed Robin
  2429 | D:2      | Learned a level 3 spell: Tukima's Dance
  2750 | D:3      | Noticed Grinder
  3014 | D:3      | Reached XP level 5. HP: 22/24 MP: 3/11
  3455 | D:3      | Killed Grinder
  3456 | D:3      | Reached skill level 8 in Stealth
  3456 | D:3      | Reached skill level 5 in Hexes
  3456 | D:3      | Reached XP level 6. HP: 20/29 MP: 7/12
  3463 | D:3      | Learned a level 3 spell: Dazzling Flash
  4313 | D:4      | Found Vuphupse's Book Shop.
  4318 | D:4      | Reached skill level 1 in Ice Magic
  4318 | D:4      | Reached XP level 7. HP: 32/32 MP: 11/14
  4542 | D:4      | Reached skill level 9 in Stealth
  4806 | D:5      | Entered Level 5 of the Dungeon
  4987 | D:5      | Found a shadowy altar of Dithmenos.
  5004 | D:5      | Reached skill level 10 in Stealth
  5008 | D:5      | Became a worshipper of Dithmenos the Shadowed
  5587 | D:5      | Reached XP level 8. HP: 37/37 MP: 16/16
  5679 | D:5      | Reached skill level 5 in Spellcasting
  5699 | D:5      | Reached skill level 11 in Stealth
  6452 | D:6      | Reached skill level 12 in Stealth
  6499 | D:6      | Reached * piety under Dithmenos
  6881 | D:6      | Learned a level 2 spell: Blink
  7022 | D:7      | Noticed Menkaure
  7027 | D:7      | Killed Menkaure
  7028 | D:7      | Reached skill level 1 in Fighting
  7348 | D:7      | Found a staircase to the Ecumenical Temple.
  7371 | Temple   | Entered the Ecumenical Temple
  7711 | D:6      | Reached skill level 1 in Invocations
  8267 | D:7      | Found a runed translucent door.
  8268 | D:7      | Noticed Crazy Yiuf
  8279 | D:7      | Killed Crazy Yiuf
  8390 | D:8      | Reached skill level 1 in Translocations
  8390 | D:8      | Reached skill level 1 in Evocations
  8390 | D:8      | Reached XP level 9. HP: 41/41 MP: 19/19
  8484 | D:8      | Noticed a boulder beetle
  8570 | D:7      | Reached skill level 1 in Throwing
  8608 | D:8      | Noticed a boulder beetle
  8692 | D:8      | Noticed a two-headed ogre
  8703 | D:7      | Succumbed to a water moccasin's poison

Illustrated notes

Levels and vault maps discovered:
D:1:      amcnicky_arrival_wind_blow, layout_loops_corners,
          shapermc_ecumenical_altar_notcrosses
D:2:      layout_rooms, serial_bayou_pond_d, uniq_robin
D:3:      layout_basic, minivault_24, uniq_grinder
D:4:      layout_basic, serial_shops, shop
D:5:      layout_loops_ring, nicolae_overflow_crystal_walls
D:6:      layout_rooms
D:7:      layout_basic, minmay_temple_entry_mist, uniq_menkaure,
          uniq_crazy_yiuf_cottage
D:8:      minmay_diamond_stairs, layout_basic, old_standard_altar,
          grunt_gozag_statues, minmay_lair_entry_grove
Temple:   eino_temple_scatter_basement

Skill      XL: |  1  2  3  4  5  6  7  8  9 |
---------------+----------------------------+-----
Stealth        | 5 6 8 10 12 | 12.4
Hexes          | 4 5 6 |  6.4
Spellcasting   | 3 4 6 |  6.3
Dodging        | 3 4 |  4.3
Short Blades   | 2 3 4 |  4.0
Ice Magic      | 1 |  1.9
Fighting       | 1 |  1.3
Invocations    | 1 |  1.1
Translocations | 1 |  1.2
Evocations     | 1 |  1.1
Throwing       | 1 |  1.0
Armour         | |  0.6
Shields        | |  0.6

Action                   |  1- 3 |  4- 6 |  7- 9 || total
-------------------------+-------+-------+-------++-------
Melee: Dagger            |   134 |   136 |   225 ||   495
 Cast: Corona            |     8 |       |       ||     8
       Ensorcelled Hiber |    15 |    38 |    15 ||    68
       Confusing Touch   |       |    10 |    24 ||    34
       Tukima's Dance    |       |     1 |    19 ||    20
 Stab: Sleeping          |    20 |    25 |    29 ||    74
       Confused          |       |     9 |    19 ||    28
       Distracted        |       |     1 |     2 ||     3
Armor: Robe              |    25 |    20 |    24 ||    69
Dodge: Dodged            |    91 |    92 |   150 ||   333
